 Seeded DCSS version 0.28.0-53-g5a82cb258f (webtiles) character file.

Game seed: 10077074884737061911 (custom seed)

3375 Sanktem7 the Fighter (level 9, -3/90 HPs)
             Began as a Minotaur Fighter on June 28, 2022.
             Was a Follower of Okawaru.
             Killed by the air
             ... invoked by Gastronok
              (25 damage)
             ... on level 8 of the Dungeon.
             The game lasted 00:16:37 (5786 turns).

Sanktem7 the Fighter (Minotaur Fighter)             Turns: 5786, Time: 00:16:39

Health: -3/90      AC: 18    Str: 28    XL:     9   Next: 74%
Magic:  8/8        EV:  9    Int:  9    God:    Okawaru [*.....]
Gold:   2265       SH:  4    Dex: 10    Spells: 8/8 levels left

rFire   . . .      SeeInvis .   i - +7 broad axe of Plunder {elec, Str+3 Int+4, axe}
rCold   + + .      Faith    .   c - +0 buckler
rNeg    + . .      Spirit   .   r - +7 Kryia's mail coat {PotionHeal*2 rC+}
rPois   .          Reflect  .   (helmet restricted)
rElec   .          Harm     .   A - +2 cloak
rCorr   +          Rampage  .   m - +0 pair of gloves {Stlth+}
Will    .....                   (no boots)
Stlth   +.........              n - amulet of Beserchoe {Acrobat *Corrode +Inv rC+ rN+}
HPRegen 0.25/turn               p - ring of flight
MPRegen 0.11/turn               D - ring of resist corrosion

@: flying
A: horns 2, retaliatory headbutt
a: Renounce Religion, Evoke Invisibility, Heroism


You were on level 8 of the Dungeon.
You worshipped Okawaru.
Okawaru was aware of your devotion.
You visited 2 branches of the dungeon, and saw 9 of its levels.

You collected 2265 gold pieces.


Innate Abilities, Weirdness & Mutations

You have a pair of horns on your head.
You reflexively headbutt those who attack you in melee.


   Skills:
 * Level 12.0 Fighting
 * Level 11.1(11.4) Axes
 - Level 3.6(8.0) Maces & Flails
 + Level 2.0 Throwing
 - Level 3.6 Armour
 - Level 3.6 Shields


You had 8 spell levels left.
You didn't know any spells.
Your spell library contained the following spells:

 Spells                   Type           Power      Damage    Failure   Level
 Sting                    Tmut/Pois      0%         1d3       75%         1
 Poisonous Vapours        Pois/Air       0%         N/A       86%         2
 Conjure Flame            Conj/Fire      0%         6-21      98%         3
 Dazzling Flash           Conj/Hex       0%         N/A       98%         3
 Ignite Poison            Fire/Tmut/Pois 0%         N/A       98%         3
 Iskenderun's Mystic Bla  Conj/Tloc      0%         2d3       100%        4
 Olgreb's Toxic Radiance  Pois           0%         N/A       100%        4
 Sticky Flame             Conj/Fire      0%         2d3       100%        4
 Starburst                Conj/Fire      0%         6d3       100%        6

Inventory:

Hand Weapons
 i - the +7 broad axe of Plunder (weapon) {elec, Str+3 Int+4, axe}
   (You acquired it on level 1 of the Dungeon)

   It occasionally discharges a powerful burst of electricity upon striking a
   foe.
   Str:       It affects your strength (+3).
   Int:       It affects your intelligence (+4).
 K - a +5 morningstar of freezing {mace}
   (You took it off a wight on level 7 of the Dungeon)
Missiles
 a - 14 poisoned darts (quivered) {throwing}
 b - a curare-tipped dart {=fthrowing}
 f - 7 stones {throwing}
 u - a throwing net {=f!fthrowing}
 I - 5 boomerangs {throwing}
Armour
 c - a +0 buckler (worn)
 m - a +0 pair of gloves of stealth (worn)
   (You acquired it on level 1 of the Dungeon)
 r - the +7 Kryia's mail coat (worn) {PotionHeal*2 rC+}
   (You found it on level 2 of the Dungeon)

   Potions are twice as effective at healing its wearer.
   rC:        It protects you from cold.
 A - a +2 cloak (worn)
   (You found it on level 4 of the Dungeon)
Magical Staves
 e - a staff of earth {!astaff}
   (You found it on level 7 of the Dungeon)
Jewellery
 n - the amulet of Beserchoe (around neck) {Acrobat *Corrode +Inv rC+ rN+}
   (You acquired it on level 1 of the Dungeon)

   [amulet of the acrobat]

   It increases your evasion while moving and waiting.
   rC:        It protects you from cold.
   rN:        It protects you from negative energy.
   +Inv:      It lets you turn invisible.
   *Corrode:  It may corrode you when you take damage.
 p - a ring of flight (left hand)
   (You found it on level 2 of the Dungeon)
 D - a ring of resist corrosion (right hand)
   (You found it on level 5 of the Dungeon)
Wands
 C - a wand of flame (19)
   (You found it on level 5 of the Dungeon)
 G - a wand of acid (19)
   (You found it on level 5 of the Dungeon)
Scrolls
 h - a scroll of magic mapping {unknown}
 v - a scroll of fear {unknown}
 x - a scroll of enchant armour {unknown}
Potions
 d - a potion of might
 g - 2 potions of brilliance
 j - 2 potions of flight
 o - 2 potions of attraction {!q}
 q - a potion of ambrosia {unknown}
 s - a potion of cancellation {unknown}
 t - 3 potions of heal wounds {@q2}
 w - 2 potions of lignification {unknown}
 z - a potion of degeneration {unknown}
 F - 2 potions of curing {@q1}
 H - a potion of haste {unknown}
 J - a potion of mutation {unknown}

Dungeon Overview and Level Annotations

Branches:
Dungeon (8/15)             Temple (1/1) D:7
   Lair: D:8-11

Altars:
Ashenzari
Cheibriados
Dithmenos
Elyvilon
Fedhas
Gozag
Hepliaklqana
Kikubaaqudgha
Makhleb
Nemelex Xobeh
Okawaru
Qazlal
Ru
Sif Muna
Trog
Vehumet
Wu Jian
Xom
Yredelemnul
Zin
The Shining One

Annotations:
D:8 Gastronok

##########...####)#.≈...........#
..##...####.)).≈≈≈........#
...........)).≈≈≈≈≈........#
...##.......)..≈≈≈≈........# ..
#............P..######## .
......(.....#.....#
.............#.....#
..##...##..###.....# ..
#...###@########.
#...#.§w#......#
+....#b..'......#
##...##.......## #...##.≈≈..≈.##
#...[..≈..≈≈..# #.....≈≈..))..#
#####.†..≈≈...####.
......≈†.≈≈._.....#


You could see Gastronok and a bat (summoned).


Message History

😕 HP[+1]
The bat closely misses you. The bat closely misses you.
You furiously retaliate!
You headbutt the bat.
You kill the bat!
The bat's corpse disappears in a puff of smoke!
There is an open door here. 😕 HP[+1]
You slice the wyvern zombie!!
You destroy the wyvern zombie!
Okawaru accepts your kill.
Your Axes skill increases to level 11!
You slash the orc!
You kill the orc!
Okawaru accepts your kill.
You hear the creaking of a very distant portcullis.
The orc warrior hits you with a +0 glaive!
There is an open door, spattered with blood here.
Things that are here:
a +0 dagger {short}; an orc corpse; 😮 HP[-17]
You take 17 damage, and now have 53/90 hp.
You closely miss the orc warrior.
The orc warrior hits you with a +0 glaive!
* * * LOW HITPOINT WARNING * * *
😨 HP[-13]
You take 13 damage, and now have 40/90 hp.
You barely miss the orc warrior. You completely miss something.
Something hits you but does no damage. The orc warrior closely misses you.
You barely miss the orc warrior. You barely miss something.
Something hits you but does no damage.
The orc warrior hits you with a +0 glaive!
* * * LOW HITPOINT WARNING * * *
😨 HP[-14]
You take 14 damage, and now have 26/90 hp.
You hit the orc warrior but do no damage.
You barely miss something. Something hits you but does no damage.
You block the orc warrior's attack.
You closely miss the orc warrior. You headbutt the orc warrior.
You slash something! Something hits you but does no damage.
The orc warrior hits you but does no damage.
Something hits you but does no damage. 😨 HP[+1]
You closely miss the orc warrior. You slice something!!
Okawaru accepts your kill.
Reactivating autopickup.
You feel a bit more experienced. The orc warrior barely misses you.
You slice the orc warrior!!
You kill the orc warrior!
Okawaru accepts your kill.
You slash the wight! The wight hits you but does no damage.
Your Fighting skill increases to level 12!
The +7 Kryia's mail coat enhances the healing.
You feel much better.
The wight hits you but does no damage. 😕 HP[+41]
You regained 41 hp, and now have 68/90 hp.
You hit the wight. Lightning courses through the wight!!
You destroy the wight!
Okawaru accepts your kill.
You can now gain great but temporary skills.
Your Throwing skill increases to level 2!
You closely miss the orc.
Gastronok waves his eye-stalks in wide circles.
The air twists around and strikes you!
The orc hits you with a +0 falchion. 😮 HP[-15]
You take 15 damage, and now have 53/90 hp.
You closely miss the orc. The orc barely misses you.
You slash the orc!
You kill the orc!
Okawaru accepts your kill. 😮 HP[+1] Gastronok bites you!
* * * LOW HITPOINT WARNING * * *
There is an open door, spattered with blood here.
Items here: ))) [ †. 😨 HP[-15]
You take 15 damage, and now have 39/90 hp.
You hit Gastronok but do no damage. You headbutt Gastronok! You hit Gastronok.
Gastronok bites you!
* * * LOW HITPOINT WARNING * * *
😨 HP[-16]
You take 16 damage, and now have 23/90 hp.
You slash Gastronok! 😨 HP[+1]
You slash Gastronok! Lightning courses through Gastronok! Gastronok bites you.
* * * LOW HITPOINT WARNING * * *
😱 HP[-3]
You take 3 damage, and now have 21/90 hp.
You slash Gastronok! Lightning courses through Gastronok!!
You headbutt Gastronok, but do no damage.
You slice Gastronok!!
Gastronok casts a spell. 😱 HP[+1]
You slash Gastronok! You headbutt Gastronok! You hit the bat.
The bat barely misses you.
You slash Gastronok! You slash the bat!
You kill the bat!
The bat's corpse disappears in a puff of smoke!
The bat hits you but does no damage.
Gastronok waves his eye-stalks in wide circles.
The air twists around and strikes you!!
You die...

Skill      XL: |  1  2  3  4  5  6  7  8  9 |
---------------+----------------------------+-----
Fighting       | 4 5 6 7 8 10 12 | 12.0
Maces & Flails | 3 |  3.6
Axes           | 1 3 4 5 7 9 11 | 11.1
Throwing       | 2 |  2.0
Armour         | |  3.6
Shields        | |  3.6

Action                   |  1- 3 |  4- 6 |  7- 9 || total
-------------------------+-------+-------+-------++-------
Melee: Flail             |    64 |       |       ||    64
       Headbutt          |    14 |     4 |    21 ||    39
       Broad axe         |    24 |    56 |   127 ||   207
Throw: Throwing net      |       |       |     1 ||     1
  Use: Scroll            |     4 |       |     6 ||    10
       Potion            |       |       |     2 ||     2
Armor: Scale mail        |    38 |    20 |    70 ||   128
Dodge: Dodged            |    54 |    42 |    89 ||   185
Block: Buckler           |    22 |    20 |    28 ||    70

Levels and vault maps discovered:
D:1:      erik_arrival_blinker_ship, layout_basic
D:2:      layout_basic, basic_altar, basic_ecumenical_altar
D:3:      layout_basic, mainiacjoe_overflow_tiny_flanked
D:4:      layout_basic, mainiacjoe_overflow_surrounded_room, uniq_menkaure
D:5:      layout_basic, kiku_gazebo_garden_becter,
          worldfamousw_hep_ancestral_shrine, serial_glass, glass_columns_a,
          glass_columns_b, glass_columns_a, glass_columns_b, glass_columns_a,
          glass_columns_a
D:6:      layout_cave_pods, nicolae_dithmenos_the_darkroom, grunt_decor_cap,
          serial_bayou_crossing
D:7:      layout_cave_pools, minmay_temple_entry_large_hall
D:8:      layout_gridville, mainiacjoe_overflow_catch_the_wave,
          nicolae_overflow_hidden_temple, lair_entry_dummy, enter_bailey_3,
          serial_undead, serial_undead_a, serial_undead_d, serial_undead_f,
          serial_undead_b, uniq_gastronok
Temple:   jpeg_temple_clearing

Notes
Turn   | Place    | Note
-------+----------+-------------------------------------------
     0 | D:1      | Sanktem7 the Minotaur Fighter began the quest for the Orb.
     0 | D:1      | Reached XP level 1. HP: 19/19 MP: 0/0
     0 | D:1      | magus.rc [v1.9.6]
   249 | D:1      | Reached skill level 4 in Fighting
   296 | D:1      | Reached skill level 3 in Maces & Flails
   296 | D:1      | Reached XP level 2. HP: 27/27 MP: 1/1
   847 | D:1      | HP: 7/28 [poisoned by a goblin]
   945 | D:1      | Reached XP level 3. HP: 20/34 MP: 2/2
  1394 | D:1      | Identified 4 scrolls of acquirement
  1394 | D:1      | Acquired a +0 pair of gloves of stealth
  1395 | D:1      | Acquired the +7 broad axe of Plunder {elec, Str+3 Int+4}
  1396 | D:1      | Acquired 1029 gold pieces
  1397 | D:1      | Acquired the amulet of Beserchoe {Acrobat *Corrode +Inv rC+
                  | rN+}
  1430 | D:2      | Found a shimmering altar of Xom.
  1451 | D:2      | You pick up a book of Spectacle and begin reading...
  1451 | D:2      | You add the spells Dazzling Flash, Iskenderun's Mystic
                  | Blast and Starburst to your library.
  1493 | D:2      | Found a faded altar of an unknown god.
  1499 | D:2      | Reached skill level 1 in Axes
  1720 | D:2      | Found the +7 Kryia's mail coat {PotionHeal*2 rC+}
  1872 | D:3      | Reached XP level 4. HP: 41/41 MP: 3/3
  1881 | D:3      | Reached skill level 5 in Fighting
  2017 | D:3      | Found a burning altar of Makhleb.
  2023 | D:3      | Reached skill level 2 in Axes
  2176 | D:3      | Reached skill level 3 in Axes
  2176 | D:3      | Reached XP level 5. HP: 49/49 MP: 4/4
  2513 | D:4      | Noticed an ogre
  2521 | D:4      | Killed an ogre
  2522 | D:4      | Reached skill level 6 in Fighting
  2522 | D:4      | Reached skill level 4 in Axes
  2522 | D:4      | Reached XP level 6. HP: 52/57 MP: 5/5
  2578 | D:4      | Found a stormy altar of Qazlal.
  2629 | D:4      | Noticed Menkaure
  2632 | D:4      | Killed Menkaure
  2636 | D:4      | Reached skill level 7 in Fighting
  2636 | D:4      | Reached skill level 5 in Axes
  2719 | D:4      | Reached XP level 7. HP: 66/66 MP: 6/6
  2868 | D:4      | You add the spells Conjure Flame, Ignite Poison and Sticky
                  | Flame to your library.
  2989 | D:5      | Entered Level 5 of the Dungeon
  3071 | D:5      | Reached skill level 6 in Axes
  3121 | D:5      | Reached skill level 8 in Fighting
  3160 | D:5      | Reached skill level 7 in Axes
  3482 | D:5      | Found an ancient bone altar of Kikubaaqudgha.
  3521 | D:5      | Found a hazy altar of Hepliaklqana.
  3692 | D:6      | Reached XP level 8. HP: 75/75 MP: 7/7
  3699 | D:6      | You add the spells Sting, Poisonous Vapours and Olgreb's
                  | Toxic Radiance to your library.
  3925 | D:6      | Reached skill level 9 in Fighting
  4341 | D:6      | Found a shadowy altar of Dithmenos.
  4625 | D:7      | Reached skill level 8 in Axes
  4779 | D:7      | Reached skill level 10 in Fighting
  4845 | D:7      | Noticed a manticore
  4855 | D:7      | Killed a manticore
  4856 | D:7      | Reached skill level 9 in Axes
  4856 | D:7      | Reached XP level 9. HP: 48/86 MP: 8/8
  5050 | D:7      | Reached skill level 11 in Fighting
  5053 | D:7      | Reached skill level 10 in Axes
  5066 | D:7      | Acquired 946 gold pieces
  5134 | D:7      | Found a staircase to the Ecumenical Temple.
  5248 | Temple   | Entered the Ecumenical Temple
  5362 | Temple   | Became a worshipper of Warmaster Okawaru
  5725 | D:8      | Found a broken altar of Ashenzari.
  5738 | D:8      | Reached skill level 1 in Throwing
  5750 | D:8      | HP: 17/90 [electric eel/bolt of electricity (9)]
  5751 | D:8      | Noticed Gastronok
  5763 | D:8      | Reached skill level 11 in Axes
  5772 | D:8      | Reached skill level 12 in Fighting
  5774 | D:8      | Reached * piety under Okawaru
  5775 | D:8      | Reached skill level 2 in Throwing
  5782 | D:8      | HP: 21/90 [Gastronok (3)]
  5786 | D:8      | Killed from afar by Gastronok

Vanquished Creatures
  A manticore (D:7)
  2 hornets (D:7)
  Menkaure (D:4)
  An ice beast (D:5)
  An orc warrior (D:8)
  A black bear (D:4)
  2 necrophages (D:8)
  3 ogres
  A centaur (D:5)
  A kobold brigand (D:7)
  A wyvern zombie (D:8)
  A bullfrog (D:7)
  A gnoll sergeant (D:8)
  2 scorpions
  A water moccasin zombie (D:5)
  8 wights
  A centaur zombie (D:8)
  3 howler monkeys (D:8)
  A jelly (D:6)
  A bullfrog zombie (D:5)
  2 hounds (D:7)
  2 orc priests (D:7)
  A centaur skeleton (D:5)
  A gnoll shaman (D:7)
  6 iguanas
  4 orc wizards
  A killer bee zombie (D:4)
  17 gnolls
  3 adders
  A shadow imp (D:6)
  A white imp (D:6)
  4 dart slugs
  13 orcs
  5 bats
  10 endoplasms
  5 giant cockroaches
  8 goblins
  6 hobgoblins
  3 jackals (D:1)
  2 quokkas
  6 ball pythons
  3 frilled lizards (D:1)
  15 kobolds
  A quokka skeleton (D:4)
  7 rats
161 creatures vanquished.

Table legend:
 A = Non-vault XP
 B = Vault XP
 C = Vault XP percentage of total XP
 D = Non-vault monster count
 E = Vault monster count
 F = Vault count percentage of total count
                 A         B        C        D         E       F
            +---------+---------+-------+---------+---------+-------
      Total |    4204 |     618 |  12.8 |     155 |       6 |   3.7
            +---------+---------+-------+---------+---------+-------
        D:1 |      52 |       0 |   0.0 |      30 |       0 |   0.0
        D:2 |      42 |       0 |   0.0 |      17 |       0 |   0.0
        D:3 |     139 |       0 |   0.0 |      21 |       0 |   0.0
        D:4 |     461 |     165 |  26.4 |      15 |       1 |   6.2
        D:5 |     527 |       0 |   0.0 |      12 |       0 |   0.0
        D:6 |     299 |       0 |   0.0 |       8 |       0 |   0.0
        D:7 |    2157 |       0 |   0.0 |      37 |       0 |   0.0
        D:8 |     527 |     453 |  46.2 |      15 |       5 |  25.0
            +---------+---------+-------+---------+---------+-------

Illustrated notes

Table legend:
 A = Kills in this place as a percentage of kills in entire the game.
 B = Kills by you in this place as a percentage of kills by you in the entire game.
 C = Kills by friends in this place as a percentage of kills by friends in the entire game.
 D = Other kills in this place as a percentage of other kills in the entire game.
 E = Experience gained in this place as a percentage of experience gained in the entire game.
 F = Experience gained in this place divided by the number of levels of this place that you have seen.
                   A       B       C       D       E      F
               +-------+-------+-------+-------+-------+----------------------
         Total | 100.0 | 100.0 |   N/A |   N/A | 100.0 | 535.8
       Dungeon | 100.0 | 100.0 |   N/A |   N/A | 100.0 | 602.8
               +-------+-------+-------+-------+-------+----------------------

Table legend: (Time is in decaauts)
 A = Elapsed time spent in this place.
 B = Non-inter-level travel time spent in this place.
 C = Inter-level travel time spent in this place.
 D = Time resting spent in this place.
 E = Time spent auto-exploring this place.
 F = Levels seen in this place.
 G = Mean time per level.
                   A        B        C        D        E       F      G
               +--------+--------+--------+--------+--------+-----+--------+
         Total |   5868 |   5615 |    253 |    198 |   4427 |   9 |  652.0 |
       Dungeon |   5731 |   5540 |    191 |    198 |   4369 |   8 |  716.4 |
        Temple |    136 |     74 |     62 |      0 |     58 |   1 |  136.0 |
               +--------+--------+--------+--------+--------+-----+--------+

Top non-repeatable levels by time:
     D:1: 1438 daAuts
     D:6: 995 daAuts
     D:7: 886 daAuts
     D:5: 627 daAuts
     D:4: 591 daAuts
     D:3: 579 daAuts
     D:2: 437 daAuts
     D:8: 175 daAuts
  Temple: 136 daAuts
